 Dungeon Crawl Stone Soup version 0.25.1-8-g42b30a86e7 (webtiles) character file.

Game seed: 1401094121971766213

32 dylan the Sneak (level 3, -1/25 HPs)
             Began as an Octopode Assassin on Dec 2, 2020.
             Killed by nerve-wracking pain
             ... invoked by a shadow imp
              (11 damage)
             ... on level 2 of the Dungeon.
             The game lasted 00:08:49 (728 turns).

dylan the Sneak (Octopode Assassin)                  Turns: 728, Time: 00:08:50

Health: -1/25      AC:  1    Str: 10    XL:     3   Next: 27%
Magic:  3/3        EV: 13    Int: 13    God:
Gold:   58         SH:  0    Dex: 14    Spells: 2/2 levels left

rFire    . . .     SeeInvis .   a - +2 dagger
rCold    . . .     Gourm    .   (no shield)
rNeg     . . .     Faith    .   (helmet restricted)
rPois    .         Spirit   .   (no amulet)
rElec    .         Reflect  .   (no ring)
rCorr    .         Harm     .   (no ring)
MR       .....                  (no ring)
Stlth    ++++......             (no ring)
HPRegen  0.08/turn              (no ring)
MPRegen  0.08/turn              (no ring)
                                (no ring)
                                (no ring)

@: no status effects
A: almost no armour, stealthy swim, amphibious, 8 rings, constrict 8, camouflage
1, gelatinous body 1
a: no special abilities


You were on level 2 of the Dungeon.
You were not hungry.

You visited 1 branch of the dungeon, and saw 2 of its levels.

You collected 58 gold pieces.

Inventory:

Hand Weapons
 a - a +2 dagger (weapon)
Missiles
 b - 12 poisoned darts (quivered)
 c - 2 curare-tipped darts
Scrolls
 g - a scroll of fog
Comestibles
 d - 3 rations


   Skills:
 + Level 2.3 Fighting
 + Level 2.3 Short Blades
 + Level 2.4 Throwing
 + Level 1.1 Dodging
 + Level 5.9 Stealth


You had 2 spell levels left.
You didn't know any spells.
Your spell library was empty.

Dungeon Overview and Level Annotations

Branches:
Dungeon (2/15)

Altars:

Annotations:
D:2 Terence


Innate Abilities, Weirdness & Mutations

You cannot wear most types of armour.
You are very stealthy in the water. (Stealth+)
You are amphibious.
You can wear up to eight rings at the same time.
You can use your tentacles to constrict eight enemies at once.
Your skin changes colour to match your surroundings (Stealth+).
Your rubbery body absorbs attacks. (AC +1, EV +1)


Message History

Terence looks more healthy.
You barely miss the bat. Your grab misses the bat.
You squeeze the bat, but do no damage. The bat barely misses you.
The bat hits you. Terence hits you with a +0 hand axe! The bat hits you.
The bat hits you. The bat barely misses you.
Terence says, "How do you enjoy it?"
Throwing (i - inventory. (/) - cycle)
b - 13 poisoned darts (quivered)
Press: ? - help, Shift-Dir - straight line, f/p - Terence
Aim: Terence, wielding a +0 hand axe and wearing a +0 scale mail (lightly wounded)
You throw a poisoned dart.
The poisoned dart barely misses Terence.
The poisoned dart hits the shadow imp.
The giant cockroach bites you.
Found a red potion.
A bat comes into view.
The shadow imp gestures at you. Pain shoots through your body!
You die...

###### #.@.@#
##.##.## +##
#..#.w.### ##...#
#s.5.⌠.(.###...⌠..
#@##.b)..(.....=.#
#.####..w.<....##
#.. ###.....###
#..b ##(⌠.## #....
.....# #..###
..(<.... #!.#
......... #..+
⌠...###...⌠ w..##
##...


You could see Terence, a shadow imp, a dart slug, a giant cockroach and a bat.

Vanquished Creatures
  A dart slug (D:1)
  A leopard gecko (D:1)
  A ball python (D:1)
  3 bats (D:1)
  3 giant cockroaches (D:1)
  3 goblins (D:1)
  4 hobgoblins (D:1)
  4 jackals (D:1)
  A frilled lizard (D:1)
  A kobold (D:1)
  3 rats (D:1)
25 creatures vanquished.

Notes
Turn   | Place    | Note
-------+----------+-------------------------------------------
     0 | D:1      | dylan the Octopode Assassin began the quest for the Orb.
     0 | D:1      | Reached XP level 1. HP: 14/14 MP: 1/1
    40 | D:1      | Reached XP level 2. HP: 14/19 MP: 2/2
   565 | D:1      | Reached XP level 3. HP: 24/25 MP: 3/3
   713 | D:2      | Noticed Terence
   728 | D:2      | Killed from afar by a shadow imp

Illustrated notes

Levels and vault maps discovered:
D:1:      heliophobic_arrival_enchanted_forest, layout_basic
D:2:      layout_rooms, grunt_ministairs_13, hangedman_decor_diamond_cutter,
          grunt_qazlal_clouds, uniq_terence

Action                   || total
-------------------------++-------
Melee: Dagger            ||    33
       Constrict         ||    11
       Tentacles         ||    11
Throw: Dart              ||    26
  Use: Scroll            ||     5
 Stab: Distracted        ||     1
Armor: Skin              ||     9
Dodge: Dodged            ||    44
